[Event "11th LCC Super Blitz 2019"]
[Site "London"]
[Date "2019.12.08"]
[Round "9.8"]
[White "Bird, Joel"]
[Black "Bergner, Matthias"]
[Result "1-0"]
[ECO "B06"]
[WhiteElo "2009"]
[BlackElo "1632"]
[Annotator "NA"]
[PlyCount "38"]
[EventDate "2019.12.08"]
[EventType "swiss"]
[EventCountry "ENG"]
[SourceTitle "playchess.com"]
[Source "ChessBase"]
[SourceQuality "1"]
[TimeControl "180+2"]

1. e4 g6 2. d4 Bg7 3. Nc3 e6 4. Be3 Ne7 5. Nf3 O-O 6. Qd2 b6 7. Bh6 Bb7 8. Bxg7 Kxg7 9. Bd3 f5 10. O-O-O Nbc6 11. h4 Ng8 12. h5 Nce7 13. Kb1 Qe8 14. Ng5 h6 15. Nf3 g5 16. exf5 Nxf5 17. Rde1 Bxf3 18. gxf3 Qe7 19. f4 Kh8 1-0

[Event "11th LCC Super Blitz 2019"]
[Site "London"]
[Date "2019.12.08"]
[Round "9.8"]
[White "John, Joshua"]
[Black "Marusenko, Petr"]
[Result "1-0"]
[ECO "D02"]
[WhiteElo "1694"]
[BlackElo "2085"]
[Annotator "NA"]
[PlyCount "32"]
[EventDate "2019.12.08"]
[EventType "swiss"]
[EventCountry "ENG"]
[SourceTitle "playchess.com"]
[Source "ChessBase"]
[SourceQuality "1"]
[TimeControl "180+2"]

1. d4 d5 2. Nf3 Nf6 3. c4 c6 4. Nc3 Bf5 5. Bf4 e6 6. e3 h6 7. Bd3 Bxd3 8. Qxd3 Nbd7 9. O-O Be7 10. cxd5 exd5 11. a3 Nh5 12. Bg3 Nxg3 13. hxg3 O-O 14. b4 a6 15. Na4 Bd6 16. Rfc1 Re8 1-0

[Event "11th LCC Super Blitz 2019"]
[Site "London"]
[Date "2019.12.08"]
[Round "9.9"]
[White "Young, Daniel J"]
[Black "Arapalea, Daniel-Ionel"]
[Result "0-1"]
[ECO "A30"]
[WhiteElo "1947"]
[BlackElo "1840"]
[Annotator "NA"]
[PlyCount "52"]
[EventDate "2019.12.08"]
[EventType "swiss"]
[EventCountry "ENG"]
[SourceTitle "playchess.com"]
[Source "ChessBase"]
[SourceQuality "1"]
[TimeControl "180+2"]

1. Nf3 c5 2. c4 Nc6 3. Nc3 b6 4. g3 Bb7 5. Bg2 g6 6. O-O Bg7 7. e3 Nf6 8. d4 cxd4 9. exd4 O-O 10. d5 Na5 11. Qd3 Ba6 12. b3 Nb7 13. Ba3 d6 14. Nd4 Nc5 15. Bxc5 bxc5 16. Nc6 Qc7 17. Rfe1 Rae8 18. a4 Ng4 19. Ra2 Ne5 20. Nxe5 Bxe5 21. Nb5 Qd7 22. f4 Bg7 23. Rae2 Bc8 24. Qd2 a6 25. Nc3 Qb7 26. Qd1 Bxc3 0-1

[Event "11th LCC Super Blitz 2019"]
[Site "London"]
[Date "2019.12.08"]
[Round "9.9"]
[White "Rahman, Asad"]
[Black "Rushbrooke, Remy"]
[Result "1-0"]
[ECO "C55"]
[WhiteElo "1923"]
[BlackElo "1877"]
[Annotator "NA"]
[PlyCount "75"]
[EventDate "2019.12.08"]
[EventType "swiss"]
[EventCountry "ENG"]
[SourceTitle "playchess.com"]
[Source "ChessBase"]
[SourceQuality "1"]
[TimeControl "180+2"]

1. e4 e5 2. Nf3 Nf6 3. Nc3 Nc6 4. Bc4 Nxe4 5. Bxf7+ Kxf7 6. Nxe4 d5 7. Neg5+ Kg8 8. d4 e4 9. Ne5 Nxe5 10. dxe5 h6 11. Nh3 Be6 12. Nf4 Qe8 13. h4 c6 14. h5 Bf7 15. Be3 Qxe5 16. g3 c5 17. Qg4 d4 18. Bc1 e3 19. O-O exf2+ 20. Rxf2 Re8 21. Bd2 Be6 22. Qg6 Bf5 23. Nd3 Bxg6 24. Nxe5 Bxh5 25. Nd7 Bd6 26. Bf4 Bxf4 27. Rxf4 Kh7 28. Nxc5 Re2 29. Raf1 Rc8 30. Nb3 Rcxc2 31. R1f2 Rxf2 32. Rxf2 Rxf2 33. Kxf2 d3 34. Ke3 Bg6 35. Nc1 b6 36. Nxd3 Bxd3 37. Kxd3 Kg6 38. Ke4 1-0

[Event "11th LCC Super Blitz 2019"]
[Site "London"]
[Date "2019.12.08"]
[Round "9.9"]
[White "Vikas Narayan S P"]
[Black "Nettleton, Charlie B"]
[Result "0-1"]
[ECO "C40"]
[WhiteElo "1026"]
[BlackElo "2021"]
[Annotator "NA"]
[PlyCount "38"]
[EventDate "2019.12.08"]
[EventType "swiss"]
[EventCountry "ENG"]
[SourceTitle "playchess.com"]
[Source "ChessBase"]
[SourceQuality "1"]
[TimeControl "180+2"]

1. e4 e5 2. Nf3 f5 3. d3 Nc6 4. Nc3 Nf6 5. Bg5 Bb4 6. exf5 d5 7. a3 Bxc3+ 8. bxc3 Bxf5 9. d4 exd4 10. cxd4 O-O 11. Be2 h6 12. Bh4 Qe8 13. Bxf6 Rxf6 14. O-O Be4 15. Bb5 Bxf3 16. gxf3 Qh5 17. f4 Qh3 18. Kh1 Nxd4 19. Qxd4 Qf3+ 0-1

[Event "11th LCC Super Blitz 2019"]
[Site "London"]
[Date "2019.12.08"]
[Round "9.10"]
[White "Joslin, Tim"]
[Black "Kirupakaran, Vishnu"]
[Result "0-1"]
[ECO "B22"]
[WhiteElo "1822"]
[BlackElo "1871"]
[Annotator "NA"]
[PlyCount "64"]
[EventDate "2019.12.08"]
[EventType "swiss"]
[EventCountry "ENG"]
[SourceTitle "playchess.com"]
[Source "ChessBase"]
[SourceQuality "1"]
[TimeControl "180+2"]

1. e4 c5 2. c3 Nf6 3. e5 Nd5 4. d4 cxd4 5. Nf3 Nc6 6. Bc4 e6 7. O-O Nb6 8. Bb3 dxc3 9. Nxc3 d5 10. exd6 Bxd6 11. Qe2 O-O 12. Bc2 h6 13. Rd1 Qe7 14. Ne4 Bc7 15. a3 Nd5 16. Qd3 f5 17. Ng3 Nf6 18. Re1 Rd8 19. Qb3 Qf7 20. Bd2 Nd4 21. Nxd4 Rxd4 22. Bc3 Rd8 23. Rad1 Nd5 24. Be5 Bxe5 25. Rxe5 b6 26. Nxf5 exf5 27. Rexd5 Rxd5 28. Rxd5 Bb7 29. Rxf5 Qxb3 30. Bxb3+ Kh7 31. Rf7 Re8 32. Kf1 Ba6+ {[%emt 0:00:00] Ke1} 0-1

[Event "11th LCC Super Blitz 2019"]
[Site "London"]
[Date "2019.12.08"]
[Round "9.10"]
[White "Davis, Holden"]
[Black "Ozturan, Cem"]
[Result "1-0"]
[ECO "B01"]
[WhiteElo "1769"]
[BlackElo "1853"]
[Annotator "NA"]
[PlyCount "87"]
[EventDate "2019.12.08"]
[EventType "swiss"]
[EventCountry "ENG"]
[SourceTitle "playchess.com"]
[Source "ChessBase"]
[SourceQuality "1"]
[TimeControl "180+2"]

1. e4 d5 2. exd5 Qxd5 3. Nc3 Qd8 4. d4 Nf6 5. h3 c6 6. Nf3 Bf5 7. Bd3 Bxd3 8. Qxd3 e6 9. O-O Bd6 10. Re1 O-O 11. Bg5 Nbd7 12. Rad1 Be7 13. Ne2 c5 14. dxc5 Nxc5 15. Qb5 Qc7 16. Bf4 Qb6 17. Qxb6 axb6 18. a3 Rfd8 19. Nc3 h6 20. Rxd8+ Rxd8 21. Bc7 Rc8 22. Bxb6 Rc6 23. Bxc5 Bxc5 24. Rd1 Bxa3 25. Ne5 Rc8 26. bxa3 Rxc3 27. Rd8+ Kh7 28. Nxf7 Rxc2 29. Ne5 Ne4 30. f3 Rc1+ 31. Kh2 Nf6 32. Rd6 Rc3 33. a4 Ra3 34. Rb6 Rxa4 35. Rxb7 Ra2 36. Re7 Re2 37. Kg3 Nh5+ 38. Kh2 Nf6 39. Nc6 Nh5 40. Nd4 Rd2 41. Nxe6 Nf6 42. Rxg7+ Kh8 43. Rg6 Nd5 44. Rxh6+ {[%emt 0:00:35] Kg7} 1-0

[Event "11th LCC Super Blitz 2019"]
[Site "London"]
[Date "2019.12.08"]
[Round "9.10"]
[White "Yeo, Klaus Lucas"]
[Black "Manmay Chopra"]
[Result "0-1"]
[ECO "C02"]
[WhiteElo "1176"]
[BlackElo "1354"]
[Annotator "NA"]
[PlyCount "84"]
[EventDate "2019.12.08"]
[EventType "swiss"]
[EventCountry "ENG"]
[SourceTitle "playchess.com"]
[Source "ChessBase"]
[SourceQuality "1"]
[TimeControl "180+2"]

1. e4 e6 2. d4 d5 3. e5 c5 4. c3 Nc6 5. Nf3 Nge7 6. Be3 Nf5 7. Bd3 Nxe3 8. fxe3 Qb6 9. Qc1 c4 10. Bc2 Qd8 11. O-O Be7 12. Nbd2 g5 13. h3 h5 14. Nh2 Rg8 15. g4 hxg4 16. Nxg4 Rh8 17. Kg2 Bd7 18. Rf2 Qc7 19. Qf1 Rf8 20. Nf6+ Bxf6 21. Rxf6 Ne7 22. Nf3 Rg8 23. Kh2 Nf5 24. Bxf5 exf5 25. Nd2 Be6 26. Qe2 O-O-O 27. Rg1 g4 28. hxg4 Rh8+ 29. Kg3 Rdg8 30. Kf4 Rh4 31. Kf3 Rhxg4 32. Rxg4 fxg4+ 33. Kf2 g3+ 34. Kg2 Qd7 35. Nf1 Bh3+ 36. Kg1 Be6 37. Qe1 Bh3 38. Rf3 Bxf1 39. Qxf1 g2 40. Qf2 Qg4 41. Rxf7 Qd1+ 42. Kh2 Qh1# 0-1

[Event "11th LCC Super Blitz 2019"]
[Site "London"]
[Date "2019.12.08"]
[Round "9.11"]
[White "Sandhu, Manvith"]
[Black "Saidmurodov, Shahjahon"]
[Result "1-0"]
[ECO "C78"]
[WhiteElo "1673"]
[BlackElo "1812"]
[Annotator "NA"]
[PlyCount "79"]
[EventDate "2019.12.08"]
[EventType "swiss"]
[EventCountry "ENG"]
[SourceTitle "playchess.com"]
[Source "ChessBase"]
[SourceQuality "1"]
[TimeControl "180+2"]

1. e4 e5 2. Nf3 Nc6 3. Bb5 Nf6 4. d3 Bc5 5. c3 a6 6. Ba4 d6 7. O-O h6 8. h3 b5 9. Bb3 Qe7 10. Nbd2 g5 11. Re1 g4 12. hxg4 Rg8 13. Nf1 Nxg4 14. Be3 Nxe3 15. Nxe3 Bh3 16. g3 Bxe3 17. Rxe3 h5 18. Nh4 Qxh4 19. Kh2 Qg4 20. Rf3 Qc8 21. Bxf7+ Ke7 22. Bxg8 Qxg8 23. Kxh3 Qg4+ 24. Kh2 Rg8 25. Re3 Qg5 26. Qf3 Rf8 27. Qg2 Nd8 28. Rf3 Rh8 29. Rf5 Qg6 30. Qh3 Ne6 31. Qh4+ Kd7 32. Re1 Qg7 33. Re3 b4 34. Ref3 Qg8 35. Rf7+ Kc6 36. R3f6 Ng5 37. Rf5 Nxf7 38. Qf6 Nd8 39. d4 Qe6 40. d5+ 1-0

[Event "11th LCC Super Blitz 2019"]
[Site "London"]
[Date "2019.12.08"]
[Round "9.11"]
[White "Caceres De La Calle, Eduardo"]
[Black "Nunn, Petra"]
[Result "0-1"]
[ECO "A17"]
[WhiteElo "1575"]
[BlackElo "1908"]
[Annotator "NA"]
[PlyCount "62"]
[EventDate "2019.12.08"]
[EventType "swiss"]
[EventCountry "ENG"]
[SourceTitle "playchess.com"]
[Source "ChessBase"]
[SourceQuality "1"]
[TimeControl "180+2"]

1. c4 e6 2. Nc3 d5 3. cxd5 exd5 4. g3 Nf6 5. Bg2 Be7 6. d3 O-O 7. e3 c5 8. Nge2 Nc6 9. O-O Bf5 10. h3 d4 11. e4 Bxh3 12. Bxh3 dxc3 13. bxc3 Qd6 14. Bf4 Qd8 15. Qc2 Bd6 16. Be3 b6 17. f4 Bc7 18. a3 Qe7 19. Rad1 Rad8 20. Qa4 Na5 21. Qc2 c4 22. d4 Qxa3 23. d5 Qb3 24. Rd2 Qxc2 25. Rxc2 Nxe4 26. Bg2 Nf6 27. Rd1 Rfe8 28. Kf2 Ng4+ 29. Kf3 Nxe3 30. Kf2 Nxd1+ 31. Ke1 Ne3 0-1

[Event "11th LCC Super Blitz 2019"]
[Site "London"]
[Date "2019.12.08"]
[Round "9.12"]
[White "Lovell, William Pm"]
[Black "Patel, Rishi"]
[Result "0-1"]
[ECO "A25"]
[WhiteElo "1831"]
[BlackElo "1899"]
[Annotator "NA"]
[PlyCount "180"]
[EventDate "2019.12.08"]
[EventType "swiss"]
[EventCountry "ENG"]
[SourceTitle "playchess.com"]
[Source "ChessBase"]
[SourceQuality "1"]
[TimeControl "180+2"]

1. c4 e5 2. g3 Nc6 3. Bg2 Bc5 4. e3 d6 5. Nc3 Nge7 6. Nge2 O-O 7. O-O a6 8. d4 exd4 9. exd4 Bb4 10. a3 Bxc3 11. bxc3 Bg4 12. h3 Bh5 13. Qc2 Re8 14. Nf4 Bg6 15. Nxg6 hxg6 16. Rb1 Rb8 17. Bg5 Qd7 18. Rfe1 Na5 19. Qd3 Nec6 20. Kh2 Rxe1 21. Rxe1 Re8 22. Rxe8+ Qxe8 23. Bd5 Kf8 24. Qf3 Ne7 25. Bxe7+ Qxe7 26. Bxb7 Nxc4 27. Bd5 Nxa3 28. c4 Nc2 29. Qd3 Nb4 30. Qb3 Nxd5 31. cxd5 Qd7 32. Kg2 Ke7 33. Qe3+ Kd8 34. Qb3 Qb5 35. Qe3 Qxd5+ 36. Kh2 a5 37. Qc3 Kd7 38. h4 a4 39. Qe3 Qb3 40. Qe4 a3 41. Qg4+ Qe6 42. Qd1 a2 43. Qa4+ Ke7 44. Qa3 Qc4 45. Qe3+ Kd7 46. Qa3 Qc2 47. Kg2 Qb1 48. Qa4+ Ke7 49. Qc6 Kd8 50. Qa8+ Kd7 51. Qa4+ Kc8 52. Qa8+ Kd7 53. Qa4+ Ke7 54. Qc6 Qb6 55. Qa4 Qb2 56. Qc6 Qxd4 57. Qxc7+ Ke6 58. Qc8+ Kd5 59. Qb7+ Ke5 60. Qe7+ Kd5 61. Qb7+ Kc5 62. Qa7+ Kc4 63. Qxa2+ Kd3 64. Qb3+ Ke4 65. Qf3+ Ke5 66. Qxf7 Qe4+ 67. Kg1 Qe1+ 68. Kg2 Qe4+ 69. Kg1 Qf5 70. Qe7+ Kd5 71. Qb7+ Kd4 72. Qb4+ Ke5 73. Qb5+ Kf6 74. Qb2+ Qe5 75. Qxe5+ Kxe5 76. Kg2 Ke4 77. g4 d5 78. f3+ Ke3 79. Kg3 d4 80. h5 gxh5 81. gxh5 d3 82. h6 gxh6 83. f4 d2 84. f5 d1=Q 85. f6 Qf1 86. f7 Qxf7 87. Kg2 Ke2 88. Kh3 Qg6 89. Kh2 Kf2 90. Kh1 Qg1# 0-1

[Event "11th LCC Super Blitz 2019"]
[Site "London"]
[Date "2019.12.08"]
[Round "9.12"]
[White "Fisher, Neal"]
[Black "Phillips, David"]
[Result "0-1"]
[ECO "A48"]
[WhiteElo "1522"]
[BlackElo "1810"]
[Annotator "NA"]
[PlyCount "82"]
[EventDate "2019.12.08"]
[EventType "swiss"]
[EventCountry "ENG"]
[SourceTitle "playchess.com"]
[Source "ChessBase"]
[SourceQuality "1"]
[TimeControl "180+2"]

1. d4 Nf6 2. Nf3 d6 3. Bf4 g6 4. e3 Bg7 5. c3 O-O 6. Bd3 Nbd7 7. Qc2 Re8 8. h4 e5 9. dxe5 dxe5 10. h5 exf4 11. hxg6 fxg6 12. e4 Nc5 13. Bc4+ Be6 14. Bxe6+ Rxe6 15. e5 Nh5 16. O-O Qd3 17. Qxd3 Nxd3 18. Na3 Nxe5 19. Nxe5 Rxe5 20. Nc4 Re2 21. Rae1 Rae8 22. Rxe2 Rxe2 23. Na5 Rxb2 24. Nc4 Rxa2 25. Rb1 b6 26. Rd1 Bxc3 27. Rd8+ Kg7 28. Rc8 c5 29. Nd6 Be5 30. Ne8+ Kh6 31. Nc7 c4 32. Nd5 b5 33. Re8 Bg7 34. Re7 a5 35. Nc7 c3 36. Ne6 c2 37. Rc7 b4 38. Kh2 f3 39. gxf3 Be5+ 40. f4 Bxc7 41. Nxc7 c1=Q 0-1

[Event "11th LCC Super Blitz 2019"]
[Site "London"]
[Date "2019.12.08"]
[Round "9.12"]
[White "Thatte, Nandinee"]
[Black "Muhunthan, Charukgan"]
[Result "0-1"]
[ECO "E32"]
[WhiteElo "1270"]
[BlackElo "1401"]
[Annotator "NA"]
[PlyCount "57"]
[EventDate "2019.12.08"]
[EventType "swiss"]
[EventCountry "ENG"]
[SourceTitle "playchess.com"]
[Source "ChessBase"]
[SourceQuality "1"]
[TimeControl "180+2"]

1. d4 Nf6 2. c4 e6 3. Nc3 Bb4 4. Qc2 b6 5. e4 Bb7 6. Bd3 d6 7. Nf3 Nbd7 8. O-O O-O 9. Bg5 h6 10. Bh4 Bxc3 11. bxc3 e5 12. d5 Re8 13. Rab1 Ba6 14. Qa4 Qc8 15. Rfe1 Nc5 16. Qc2 Nh7 17. Kh1 Qg4 18. h3 Qh5 19. Bg3 Ng5 20. Nxg5 hxg5 21. Kg1 Bc8 22. Be2 Qh6 23. Bf3 Rf8 24. Rb5 f5 25. exf5 Bxf5 26. Qd2 a6 27. Rb2 Nd3 28. Rbb1 Nxe1 29. Rxe1 0-1

[Event "11th LCC Super Blitz 2019"]
[Site "London"]
[Date "2019.12.08"]
[Round "10.2"]
[White "Wallace, John Paul"]
[Black "Bukojemski, Adam"]
[Result "1/2-1/2"]
[ECO "D86"]
[WhiteElo "2344"]
[BlackElo "2219"]
[Annotator "NA"]
[PlyCount "98"]
[EventDate "2019.12.08"]
[EventType "swiss"]
[EventCountry "ENG"]
[SourceTitle "playchess.com"]
[Source "ChessBase"]
[SourceQuality "1"]
[TimeControl "180+2"]

1. d4 Nf6 2. c4 g6 3. Nc3 d5 4. cxd5 Nxd5 5. e4 Nxc3 6. bxc3 c5 7. Bc4 Bg7 8. Ne2 Nc6 9. d5 Na5 10. Bd3 O-O 11. Rb1 c4 12. Bc2 b6 13. O-O e6 14. Be3 Re8 15. Qd2 exd5 16. exd5 Nb7 17. Rfd1 Nd6 18. Nd4 Bb7 19. Nb5 Be5 20. Bf4 a6 21. Bxe5 Rxe5 22. Qf4 f6 23. Nxd6 Qxd6 24. Qxc4 b5 25. Qb4 Rd8 26. Bb3 Kf7 27. Rd2 Rd7 28. Rbd1 g5 29. Qxd6 Rxd6 30. f3 Ke7 31. Kf2 Kd7 32. Re1 Rxe1 33. Kxe1 Kc7 34. Re2 Bxd5 35. Re7+ Kb6 36. Bxd5 Rxd5 37. Rxh7 Ka5 38. Rf7 Rd6 39. Ke2 Ka4 40. g3 Ka3 41. h4 gxh4 42. gxh4 Kxa2 43. h5 Kb3 44. Rc7 a5 45. h6 f5 46. h7 Rh6 47. Rc5 b4 48. cxb4 Kxb4 49. Rxf5 Rxh7 1/2-1/2

[Event "11th LCC Super Blitz 2019"]
[Site "London"]
[Date "2019.12.08"]
[Round "10.2"]
[White "Balaji, Aaravamudhan"]
[Black "Grover, Sahaj"]
[Result "0-1"]
[ECO "D38"]
[WhiteElo "2120"]
[BlackElo "2486"]
[Annotator "ChessBase"]
[PlyCount "79"]
[EventDate "2019.12.08"]
[EventType "swiss"]
[EventCountry "ENG"]
[SourceTitle "playchess.com"]
[Source "ChessBase"]
[SourceQuality "1"]
[TimeControl "180+2"]

1. d4 d5 2. c4 e6 3. Nc3 Bb4 4. Nf3 Nf6 5. Bg5 h6 6. Bxf6 Qxf6 7. Qa4+ Nc6 8. e3 Bd7 9. Qb3 dxc4 10. Bxc4 O-O 11. O-O a6 12. d5 exd5 13. Nxd5 Qd6 14. Nxb4 Qxb4 15. Qxb4 Nxb4 16. a3 Nc6 17. Rfd1 Bg4 18. Be2 Rfd8 19. h3 Be6 20. Rxd8+ Rxd8 21. Rd1 Rxd1+ 22. Bxd1 Kf8 23. Kf1 Ke7 24. Ke2 Na5 25. Nd4 Bd7 26. Kd3 c5 27. Nc2 Be6 28. Bf3 b6 29. b4 Nc4 30. bxc5 Ne5+ 31. Kd4 Nxf3+ 32. gxf3 bxc5+ 33. Kxc5 Bxh3 34. Kd4 Bg2 35. Ke4 g5 36. Nd4 Kf6 37. Ne2 h5 38. Ng3 h4 39. Nf5 Bxf3+ 40. Kd4 0-1

[Event "11th LCC Super Blitz 2019"]
[Site "London"]
[Date "2019.12.08"]
[Round "10.3"]
[White "Maze, Sebastien"]
[Black "Srivastava, Arnav"]
[Result "1-0"]
[ECO "C77"]
[WhiteElo "2549"]
[BlackElo "1728"]
[Annotator "ChessBase"]
[PlyCount "59"]
[EventDate "2019.12.08"]
[EventType "swiss"]
[EventCountry "ENG"]
[SourceTitle "playchess.com"]
[Source "ChessBase"]
[SourceQuality "1"]
[TimeControl "180+2"]

1. e4 e5 2. Nf3 Nc6 3. Bb5 a6 4. Ba4 Nf6 5. Nc3 Be7 6. Bxc6 dxc6 7. a3 Bd6 8. d4 Bg4 9. dxe5 Bxf3 10. Qxf3 Bxe5 11. Bf4 Qe7 12. Bxe5 Qxe5 13. O-O-O O-O 14. Qg3 Qxg3 15. hxg3 Rad8 16. f3 b5 17. g4 g5 18. Ne2 c5 19. Ng3 Nd7 20. Rd5 Nb6 21. Rxg5+ Kh8 22. Rgh5 Kg7 23. Nf5+ Kf6 24. f4 Ke6 25. Rxh7 Nc4 26. g5 Nd2 27. R7h6+ f6 28. Ng3 Ke7 29. Rd1 Nc4 30. Rxd8 1-0

[Event "11th LCC Super Blitz 2019"]
[Site "London"]
[Date "2019.12.08"]
[Round "10.3"]
[White "Beinoras, Mindaugas"]
[Black "Aravindh, Chithambaram Vr"]
[Result "0-1"]
[ECO "D38"]
[WhiteElo "2401"]
[BlackElo "2560"]
[Annotator "ChessBase"]
[PlyCount "124"]
[EventDate "2019.12.08"]
[EventType "swiss"]
[EventCountry "ENG"]
[SourceTitle "playchess.com"]
[Source "ChessBase"]
[SourceQuality "1"]
[TimeControl "180+2"]

1. d4 d5 2. c4 e6 3. Nc3 Bb4 4. Nf3 Nf6 5. cxd5 exd5 6. Bg5 h6 7. Bh4 g5 8. Bg3 c5 9. e3 Nc6 10. Bd3 c4 11. Bb1 Be6 12. Ne5 Qa5 13. Qc1 Ne7 14. O-O Bf5 15. f4 g4 16. Bh4 Bxc3 17. bxc3 Qa6 18. Bxf5 Nxf5 19. Bxf6 Qxf6 20. Re1 Nd6 21. Nxg4 Qe6 22. Ne5 f6 23. Nf3 O-O-O 24. Qc2 Rhg8 25. Re2 Rg7 26. Rf1 Rdg8 27. Kh1 Qg4 28. Ng1 Ne4 29. Rf3 Qf5 30. Qc1 Qh5 31. Rh3 Qxe2 32. Nxe2 Nf2+ 33. Kg1 Rxg2+ 34. Kf1 Nxh3 35. Qa3 Rxh2 36. Qc5+ Kb8 37. Qxd5 Re8 38. Qd6+ Ka8 39. Qd7 Rg8 40. Qd5 a6 41. Qxg8+ Ka7 42. Qd5 Rf2+ 43. Ke1 Rh2 44. Qf3 f5 45. d5 Kb6 46. e4 fxe4 47. Qxe4 Nf2 48. Qe3+ Kc7 49. Qxf2 Rxf2 50. Kxf2 Kd6 51. Kf3 Kxd5 52. Ng3 b5 53. Nf5 h5 54. Ng7 h4 55. f5 Ke5 56. Kg4 b4 57. Kg5 bxc3 58. f6 c2 59. f7 c1=Q+ 60. Kg6 Qg1+ 61. Kh7 Qf2 62. Kg8 h3 0-1

[Event "11th LCC Super Blitz 2019"]
[Site "London"]
[Date "2019.12.08"]
[Round "10.3"]
[White "Klingher, Dominic"]
[Black "Rishi, Thariani"]
[Result "0-1"]
[ECO "B23"]
[WhiteElo "2071"]
[BlackElo "2008"]
[Annotator "NA"]
[PlyCount "118"]
[EventDate "2019.12.08"]
[EventType "swiss"]
[EventCountry "ENG"]
[SourceTitle "playchess.com"]
[Source "ChessBase"]
[SourceQuality "1"]
[TimeControl "180+2"]

1. e4 c5 2. Nc3 a6 3. g3 b5 4. Bg2 Bb7 5. d3 b4 6. Nb1 Nf6 7. Ne2 d6 8. h3 e5 9. Be3 Be7 10. O-O O-O 11. f4 Nbd7 12. Nd2 Re8 13. f5 d5 14. g4 h6 15. Ng3 dxe4 16. Ndxe4 Nd5 17. Bd2 Bg5 18. Nd6 Ne3 19. Nxb7 Nxd1 20. Nxd8 Bxd2 21. Bxa8 Be3+ 22. Kg2 Nxb2 23. Rab1 Rxd8 24. Bc6 Bd4 25. Ne2 Nb8 26. Nxd4 Rxd4 27. Be8 Kf8 28. Bxf7 Nxd3 29. cxd3 Kxf7 30. Rf3 Nc6 31. Re1 a5 32. Kg3 a4 33. h4 b3 34. axb3 axb3 35. g5 hxg5 36. hxg5 b2 37. Rf2 Rxd3+ 38. Kg2 Rb3 39. Rb1 Nd4 40. Rfxb2 Rxb2+ 41. Rxb2 Nxf5 42. Kf3 Kg6 43. Kg4 Ne3+ 44. Kf3 Nf5 45. Ke4 Ng3+ 46. Kxe5 Kxg5 47. Rg2 Kg4 48. Kd5 g5 49. Kxc5 Kf3 50. Ra2 g4 51. Kd5 Ne2 52. Ra3+ Kf2 53. Ke5 Kg2 54. Kf5 g3 55. Kg4 Kf2 56. Rf3+ Ke1 57. Re3 g2 58. Kf3 g1=Q 59. Rxe2+ Kd1 0-1

[Event "11th LCC Super Blitz 2019"]
[Site "London"]
[Date "2019.12.08"]
[Round "10.4"]
[White "Petrov, Vladimir Sergeev"]
[Black "Arkell, Keith C"]
[Result "0-1"]
[ECO "B12"]
[WhiteElo "2355"]
[BlackElo "2453"]
[Annotator "ChessBase"]
[PlyCount "63"]
[EventDate "2019.12.08"]
[EventType "swiss"]
[EventCountry "ENG"]
[SourceTitle "playchess.com"]
[Source "ChessBase"]
[SourceQuality "1"]
[TimeControl "180+2"]

1. e4 c6 2. d4 d5 3. e5 c5 4. dxc5 Nc6 5. Nf3 Bg4 6. Be2 Bxf3 7. Bxf3 e6 8. Bf4 Bxc5 9. O-O Nge7 10. Qe2 Ng6 11. Bg3 Bd4 12. Nc3 O-O 13. Rfe1 Bxe5 14. Rad1 Qf6 15. Qb5 Nd4 16. Qxb7 Nxf3+ 17. gxf3 Rab8 18. Qxa7 Rxb2 19. Ne2 Rxc2 20. Rd3 h5 21. Qe3 h4 22. Bxe5 Nxe5 23. Ra3 Nc4 24. Qb3 Nxa3 25. Qxa3 Rfc8 26. Qb3 Qg6+ 27. Kf1 h3 28. Ng3 Qf6 29. a4 R2c3 30. Qa2 Qxf3 31. Re2 Rc1+ 32. Re1 0-1

[Event "11th LCC Super Blitz 2019"]
[Site "London"]
[Date "2019.12.08"]
[Round "10.4"]
[White "Roberson, Peter T"]
[Black "Stoyanov, Viktor"]
[Result "0-1"]
[ECO "B22"]
[WhiteElo "2282"]
[BlackElo "2191"]
[Annotator "NA"]
[PlyCount "82"]
[EventDate "2019.12.08"]
[EventType "swiss"]
[EventCountry "ENG"]
[SourceTitle "playchess.com"]
[Source "ChessBase"]
[SourceQuality "1"]
[TimeControl "180+2"]

1. e4 c5 2. c3 Nf6 3. e5 Nd5 4. Bc4 Nb6 5. Bb3 e6 6. d4 cxd4 7. cxd4 d6 8. Nf3 N8d7 9. O-O Be7 10. Nc3 dxe5 11. dxe5 O-O 12. Qe2 Nc5 13. Bc2 Nd5 14. Nxd5 Qxd5 15. Rd1 Qc6 16. Bg5 Bxg5 17. Nxg5 h6 18. Qh5 Qc7 19. Rac1 Qe7 20. h4 b6 21. Rd4 Bb7 22. Rg4 f5 23. exf6 Qxf6 24. f3 Rac8 25. Re1 Qxb2 26. Bh7+ Kh8 27. Bg6 Qd2 28. Rf1 Qe3+ 29. Kh1 Ba6 30. Rg1 Nd3 31. Ne4 Bb7 32. Kh2 Rc2 33. Bf7 Nf4 34. Qe5 Rxf7 35. Rd1 Bxe4 36. fxe4 Qe2 37. Rd8+ Kh7 38. Qb8 Qxg4 39. Rh8+ Kg6 40. h5+ Qxh5+ 41. Kg3 Rxg2# 0-1

[Event "11th LCC Super Blitz 2019"]
[Site "London"]
[Date "2019.12.08"]
[Round "10.4"]
[White "Tanmay Chopra"]
[Black "Rowson, Jonathan"]
[Result "1/2-1/2"]
[ECO "D23"]
[WhiteElo "2100"]
[BlackElo "2561"]
[Annotator "ChessBase"]
[PlyCount "57"]
[EventDate "2019.12.08"]
[EventType "swiss"]
[EventCountry "ENG"]
[SourceTitle "playchess.com"]
[Source "ChessBase"]
[SourceQuality "1"]
[TimeControl "180+2"]

1. d4 d5 2. c4 c6 3. Nf3 Nf6 4. Qc2 dxc4 5. Qxc4 Bf5 6. Nc3 e6 7. Qb3 Qb6 8. Qxb6 axb6 9. Nh4 Nbd7 10. Nxf5 exf5 11. e3 b5 12. Bd3 g6 13. Bd2 Nb6 14. f3 Rd8 15. a3 Bh6 16. h3 O-O 17. g3 Rfe8 18. Kf2 Nc4 19. Bxc4 bxc4 20. Rad1 b5 21. g4 fxg4 22. hxg4 Bg7 23. g5 Nd5 24. Ne4 f5 25. gxf6 Nxf6 26. Nxf6+ Bxf6 27. Bc3 Rd7 28. e4 Red8 29. Ke3 1/2-1/2

[Event "11th LCC Super Blitz 2019"]
[Site "London"]
[Date "2019.12.08"]
[Round "10.5"]
[White "Zulfic, Fedja"]
[Black "Onslow, Teddy"]
[Result "1/2-1/2"]
[ECO "D30"]
[WhiteElo "2032"]
[BlackElo "1647"]
[Annotator "NA"]
[PlyCount "103"]
[EventDate "2019.12.08"]
[EventType "swiss"]
[EventCountry "ENG"]
[SourceTitle "playchess.com"]
[Source "ChessBase"]
[SourceQuality "1"]
[TimeControl "180+2"]

1. d4 d5 2. c4 e6 3. Nf3 Nf6 4. e3 c6 5. Nbd2 Bd6 6. Bd3 dxc4 7. Nxc4 Bc7 8. O-O Nbd7 9. b4 b5 10. Nce5 Nxe5 11. Nxe5 Bxe5 12. dxe5 Nd5 13. a3 a5 14. Bd2 axb4 15. axb4 Rxa1 16. Qxa1 Nxe3 17. Bxe3 Qxd3 18. Rd1 Qb3 19. Bc5 f6 20. exf6 gxf6 21. Rb1 Qd3 22. Rd1 Qb3 23. Re1 Kf7 24. Re3 Qd5 25. h4 Rg8 26. g3 e5 27. Qb1 Rg7 28. Rd3 Qe6 29. Qd1 Kg6 30. Rd6 Qf5 31. Rxc6 Bb7 32. Rb6 Bf3 33. Qc1 Qh3 34. Qf1 Qxf1+ 35. Kxf1 Bd5 36. Ke2 Bc4+ 37. Ke3 Rd7 38. Rd6 Rxd6 39. Bxd6 Kf5 40. Be7 Ke6 41. Bf8 Kd5 42. Bc5 Ke6 43. f4 exf4+ 44. Kxf4 Kf7 45. Bd4 Be6 46. Bc3 f5 47. Kg5 Kg8 48. Kh6 Bd7 49. Be5 Be6 50. Kg5 Bd7 51. Kf6 Kf8 52. Bd6+ {[%emt 0:00:06] Ke7+ Kxe7 Bc8 Be5 h5 Kf6 Bd7 Kg5} 1/2-1/2